 Dungeon Sprint DCSS version 0.22-a0-469-gf26638a (webtiles) character file.

627 galech the Fighter (level 7, -1/136 HPs)
             Began as an Ogre Berserker on June 12, 2018.
             Was a Priest of Trog.
             Slain by Sonja
             ... wielding a +2 short sword of venom
              (5 damage)
             ... in the Dungeon (Sprint I: "Red Sonja").
             The game lasted 00:01:11 (1100 turns).

galech the Fighter (Ogre Berserker)                 Turns: 1100, Time: 00:01:12

Health: -1/136     AC:  3    Str: 29    XL:     7   Next: 48%
Magic:  7/7        EV: 13    Int:  8    God:    Trog [***...]
Gold:   297        SH:  0    Dex:  8    Spells: 6/6 levels left

rFire    . . .     SeeInvis .   a - +0 mace
rCold    . . .     Gourm    .   (no shield)
rNeg     . . .     Faith    .   b - +0 animal skin
rPois    .         Spirit   .   (helmet restricted)
rElec    .         Reflect  .   (no cloak)
rCorr    .         Harm     .   (gloves unavailable)
MR       .....     NoTele   +   (boots unavailable)
Stlth    ..........             (no amulet)
HPRegen  0.32/turn              (no ring)
MPRegen  0.10/turn              (no ring)

@: berserking, lethally poisoned (-1 -> -162), slowed
A: large, unfitting armour, tough skin 1
a: Berserk, Trog's Hand, Renounce Religion


You were in the Dungeon.
You worshipped Trog.
Trog was most pleased with you.
You were not hungry.

You visited 1 branch You collected 297 gold pieces.

Inventory:

Hand Weapons
 a - a +0 mace (weapon)
Armour
 b - a +0 animal skin (worn)
Scrolls
 i - a scroll of blinking
Potions
 d - a potion of curing
 e - a potion of heal wounds
 f - a potion of haste
 g - 2 potions of magic
 h - a potion of berserk rage
 j - a potion of lignification {unknown}


   Skills:
 + Level 12.0 Fighting
 + Level 8.9 Maces & Flails
 + Level 8.2 Dodging
 + Level 2.6 Stealth


You had 6 spell levels left.
You didn't know any spells.
Your spell library was empty.

Dungeon Overview and Level Annotations

Branches:
Dungeon (1/1)

Altars:
Cheibriados
Dithmenos
Elyvilon
Fedhas
Gozag
Hepliaklqana
Kikubaaqudgha
Makhleb
Nemelex Xobeh
Okawaru
Qazlal
Ru
Sif Muna
Trog
Uskayaw
Vehumet
Wu Jian
Xom
Yredelemnul
Zin
The Shining One
Jiyva
Lugonu

Shops:
D *

Annotations:
D Sonja


Innate Abilities, Weirdness & Mutations

You are too large for most types of armour.
You have tough skin. (AC +1)


Message History

You are more poisoned.
Sonja closely misses you.
Sonja hits you with an uncursed short sword of venom.
* * * LOW HITPOINT WARNING * * *
You are more poisoned.
Sonja hits you with an uncursed short sword of venom.
* * * LOW HITPOINT WARNING * * *
You are more poisoned.
You completely miss Sonja.
* * * LOW HITPOINT WARNING * * *
You feel extremely sick. Sonja completely misses you. x2
Sonja hits you with an uncursed short sword of venom.
* * * LOW HITPOINT WARNING * * *
Sonja barely misses you.
Sonja hits you with an uncursed short sword of venom.
* * * LOW HITPOINT WARNING * * *
You are more poisoned.
Sonja hits you with an uncursed short sword of venom.
You die...

#..'[.#..').#..'^.+
#..#####'#####'#__# ##
#..## #..#...#)####[(#
#..#__####..##§#≈§§.c
#..#_____##'#§.§§§§
#⌠⌠#_.∩...'.(.§#§≈§.c#
####_..__##_(#+##+####
#_____###(# #######
#@#


+$K$+ #$.$# ##.## #+# You could see Sonja.

Vanquished Creatures
  A slime creature (D)
  Sigmund (D)
  A yak (D)
  An ogre (D)
  A jelly (D)
  Ijyb (D)
6 creatures vanquished.

Notes
Turn   | Place    | Note
-------+----------+-------------------------------------------
     0 | D        | galech the Ogre Berserker began the quest for the Orb.
     0 | D        | Reached XP level 1. HP: 24/24 MP: 1/1
     1 | D        | Noticed Ijyb
    34 | D        | HP: 1/36 [Ijyb (1)]
    35 | D        | Killed Ijyb
    35 | D        | Reached skill level 6 in Fighting
    35 | D        | Reached XP level 2. HP: 2/36 MP: 2/2
    35 | D        | Reached XP level 3. HP: 2/44 MP: 3/3
   425 | D        | Noticed an ogre
   431 | D        | Killed an ogre
   431 | D        | Reached skill level 8 in Fighting
   431 | D        | Reached skill level 5 in Maces & Flails
   431 | D        | Reached skill level 5 in Dodging
   431 | D        | Reached XP level 4. HP: 24/57 MP: 4/4
   632 | D        | Noticed Sigmund
   638 | D        | Killed Sigmund
   638 | D        | Reached ** piety under Trog
   638 | D        | Reached skill level 10 in Fighting
   638 | D        | Reached skill level 1 in Stealth
   638 | D        | Reached XP level 5. HP: 68/68 MP: 5/5
   638 | D        | Reached XP level 6. HP: 78/78 MP: 6/6
   734 | D        | Found a deep blue altar of Sif Muna.
   735 | D        | Found an ornate altar of the Wu Jian Council.
   736 | D        | Found a radiant altar of Vehumet.
   745 | D        | Found a viscous altar of Jiyva.
   745 | D        | Found a corrupted altar of Lugonu.
   745 | D        | Noticed a slime creature
   746 | D        | Found a burning altar of Makhleb.
   746 | D        | Found a shimmering altar of Xom.
   756 | D        | Killed a slime creature
   756 | D        | Reached skill level 11 in Fighting
   756 | D        | Reached XP level 7. HP: 30/88 MP: 7/7
   943 | D        | Noticed a centaur warrior
   943 | D        | Noticed a centaur warrior
   962 | D        | Found Jaheomak's General Store.
   962 | D        | Found an ancient bone altar of Kikubaaqudgha.
   962 | D        | Found a hazy altar of Hepliaklqana.
   962 | D        | Found a stormy altar of Qazlal.
   962 | D        | Found a hide-covered altar of Uskayaw.
   962 | D        | Found a blossoming altar of Fedhas.
   962 | D        | Found a bloodstained altar of Trog.
   962 | D        | Found an iron altar of Okawaru.
   962 | D        | Found a basalt altar of Yredelemnul.
   962 | D        | Found a glowing golden altar of the Shining One.
   962 | D        | Found a snail-covered altar of Cheibriados.
   962 | D        | Found a sacrificial altar of Ru.
   962 | D        | Found a glowing silver altar of Zin.
   962 | D        | Found a shadowy altar of Dithmenos.
   962 | D        | Found a white marble altar of Elyvilon.
   962 | D        | Noticed a yak
   967 | D        | Killed a yak
   967 | D        | Reached *** piety under Trog
   967 | D        | Reached skill level 12 in Fighting
   968 | D        | Found an opulent altar of Gozag.
   969 | D        | Found a sparkling altar of Nemelex Xobeh.
  1093 | D        | Noticed Sonja
  1100 | D        | HP: 4/136 [Sonja/uncursed short sword of venom (4)]
  1100 | D        | Slain by Sonja

Vault maps used:
D:        dungeon_sprint_1

Skill      XL: |  1  2  3  4  5  6  7 |
---------------+----------------------+-----
Fighting       | 6 8 10 11 12 | 12.0
Maces & Flails | 4 5 7 8 |  8.9
Dodging        | 4 5 6 7 8 |  8.2
Stealth        | 1 2 |  2.6

Action                   |  1- 3 |  4- 6 |  7- 9 || total
-------------------------+-------+-------+-------++-------
Melee: Mace              |    37 |    15 |     8 ||    60
Invok: Berserk           |     2 |     2 |     2 ||     6
  Eat: Chunk             |       |     2 |       ||     2
       Ration            |       |       |     1 ||     1
Armor: Animal skin       |     9 |       |     1 ||    10
Dodge: Dodged            |    15 |     3 |    13 ||    31

Table legend:
 A = Spawn XP
 B = Non-spawn XP
 C = Spawn XP percentage of total XP
 D = Spawn monster count
 E = Non-spawn monster count
 F = Spawn count percentage of total count
 G = Total turns spent on level
                    A         B        C        D         E        F      G
               +---------+---------+-------+---------+---------+-------+---------
         Total |       0 |     897 |   0.0 |       0 |       6 |   0.0 |  1100
               +---------+---------+-------+---------+---------+-------+---------
             D |       0 |     897 |   0.0 |       0 |       6 |   0.0 |  1100
               +---------+---------+-------+---------+---------+-------+---------
